 Dungeon Crawl Stone Soup version 0.27.1-34-g3ba077fa99 (webtiles) character file.

Game seed: 17550903728938785550

309 boopmooplesden the Covered (level 6, -2/50 (53) HPs)
             Began as a Minotaur Fighter on Jan 7, 2022.
             Slain by a wight (4 damage)
             ... on level 4 of the Dungeon.
             The game lasted 00:03:31 (3200 turns).

boopmooplesden the Covered (Minotaur Fighter)       Turns: 3200, Time: 00:03:32

HP:   -2/50 (53)    AC:  7    Str: 21    XL:     6   Next: 17%
MP:   5/5           EV:  8    Int:  5    God:
Gold: 132           SH: 10    Dex: 11    Spells: 5/5 levels left

rFire    . . .     SeeInvis .   a - +0 flail
rCold    . . .     Faith    .   c - +0 kite shield
rNeg     . . .     Spirit   .   b - +0 scale mail
rPois    .         Reflect  .   (helmet restricted)
rElec    .         Harm     .   (no cloak)
rCorr    .         Rampage  .   (no gloves)
Will     .....                  (no boots)
Stlth    ..........             (no amulet)
HPRegen  0.16/turn              (no ring)
MPRegen  0.09/turn              (no ring)

@: drained
A: horns 2, retaliatory headbutt
a: no special abilities


You were on level 4 of the Dungeon.
You visited 1 branch of the dungeon, and saw 4 of its levels.

You collected 132 gold pieces.

Inventory:

Hand Weapons
 a - a +0 flail (weapon)
Missiles
 j - 35 poisoned darts (quivered)
Armour
 b - a +0 scale mail (worn)
 c - a +0 kite shield (worn)
 k - a +0 tower shield
Jewellery
 f - a ring of willpower
 o - a +6 ring of dexterity
Wands
 h - a wand of digging (12)
Scrolls
 e - 2 scrolls of teleportation
 i - 2 scrolls of vulnerability
 q - 2 scrolls of fear
Potions
 d - 2 potions of ambrosia {unknown}
 g - a potion of cancellation
 l - a potion of attraction {unknown}
 m - a potion of heal wounds {unknown}
 n - a potion of flight {unknown}
 p - a potion of might


   Skills:
 + Level 4.4 Fighting
 + Level 4.9 Maces & Flails
 + Level 5.2 Armour
 + Level 1.6 Dodging
 + Level 0.3 Stealth
 + Level 4.9 Shields


You had 5 spell levels left.
You didn't know any spells.
Your spell library contained the following spells:

 Spells                   Type           Power      Damage    Failure   Level
 Beastly Appendage        Tmut           0%         N/A       99%         1
 Ensorcelled Hibernation  Hex/Ice        0%         N/A       100%        2
 Wereblood                Tmut           0%         N/A       100%        2
 Dazzling Flash           Conj/Hex       0%         N/A       100%        3
 Spider Form              Tmut/Pois      0%         N/A       100%        3
 Iskenderun's Mystic Bla  Conj/Tloc      0%         2d3       100%        4
 Shadow Creatures         Summ           N/A        N/A       100%        6
 Starburst                Conj/Fire      0%         6d3       100%        6


Dungeon Overview and Level Annotations

Branches:
Dungeon (4/15)
 Temple: D:4-7

Altars:
Xom


Innate Abilities, Weirdness & Mutations

You have a pair of horns on your head.
You reflexively headbutt those who attack you in melee.


Message History

You barely miss the wight. The wight closely misses you.
The wight hits you but does no damage.
Your shield prevents you from hitting the wight.
Your headbutt misses the wight.
The wight hits you with a +3 mace of freezing!
The wight freezes you.
You hit the wight.
The wight is lightly damaged.
The wight hits you with a +3 mace of freezing.
The wight freezes you.
You closely miss the wight.
The wight is lightly damaged.
The wight hits you with a +3 mace of freezing.
You feel drained. The wight freezes you.
The wight hits you with a +3 mace of freezing!
The wight freezes you.
You closely miss the wight. You headbutt the wight.
The wight is heavily damaged.
You block the wight's attack.
You closely miss the wight. You headbutt the wight.
The wight is almost destroyed.
The wight closely misses you.
You hit the wight but do no damage.
The wight is almost destroyed.
The wight hits you with a +3 mace of freezing.
* * * LOW HITPOINT WARNING * * *
The wight freezes you.
* * * LOW HITPOINT WARNING * * *
The wight barely misses you.
You hit the wight but do no damage.
You headbutt the wight, but do no damage.
The wight is almost destroyed.
You block the wight's attack.
You hit the wight but do no damage. Your headbutt misses the wight.
The wight is almost destroyed.
The wight barely misses you. You furiously retaliate!
You headbutt the wight.
The wight hits you with a +3 mace of freezing!
* * * LOW HITPOINT WARNING * * *
You feel drained.
You die...

s##...##. #.#..†...
.......##.####.
#........ .....).
.#....####.......
.z....
##.##....#....... .z..
##.###........... ...
#......)..(...... #.#
#................
#.####......#####.##..
#..zz@......# #.# ..
######......# .# .
#......# .. #......#
#......# ########


You could see 2 wights.

Vanquished Creatures
  2 scorpions
  A water moccasin skeleton (D:2)
  An orc priest (D:3)
  An iguana (D:4)
  A hound skeleton (D:4)
  5 adders
  A dart slug (D:1)
  3 orcs (D:3)
  6 ball pythons
  5 endoplasms
  A giant cockroach (D:1)
  4 hobgoblins
  2 bats (D:2)
  2 frilled lizards (D:2)
  6 goblins
  5 kobolds
  A rat (D:2)
47 creatures vanquished.

Notes
Turn   | Place    | Note
-------+----------+-------------------------------------------
     0 | D:1      | boopmooplesden the Minotaur Fighter began the quest for the
                  | Orb.
     0 | D:1      | Reached XP level 1. HP: 19/19 MP: 0/0
   373 | D:1      | Reached XP level 2. HP: 22/27 MP: 1/1
  1067 | D:2      | Noticed a scorpion
  1088 | D:2      | Killed a scorpion
  1089 | D:2      | Reached skill level 4 in Armour
  1089 | D:2      | Reached XP level 3. HP: 22/33 MP: 2/2
  1089 | D:2      | Reached XP level 4. HP: 27/40 MP: 3/3
  1611 | D:2      | Found a shimmering altar of Xom.
  1772 | D:2      | Reached XP level 5. HP: 47/47 MP: 4/4
  1795 | D:2      | Found a faded altar of an unknown god.
  2427 | D:3      | Reached skill level 1 in Dodging
  2980 | D:4      | Reached skill level 5 in Armour
  3159 | D:4      | Reached XP level 6. HP: 53/53 MP: 5/5
  3200 | D:4      | HP: 2/52 [wight (12)]
  3200 | D:4      | Slain by a wight

Illustrated notes

Levels and vault maps discovered:
D:1:      erik_arrival_blinker_ship, layout_basic
D:2:      minmay_spotlight, layout_basic, basic_altar,
          hellmonk_ecumenical_altar_inner_sanctum, minmay_misc_feat_nine_boxes
D:3:      layout_loops_ring
D:4:      layout_basic, kennysheep_mini, bloody_trog, nicolae_vehumet_radiance,
          minmay_temple_entry_from_below_a

Skill      XL: |  1  2  3  4  5 |
---------------+----------------+-----
Shields        | 4 |  4.9
Fighting       | 4 |  4.4
Maces & Flails | 3 4 |  4.9
Armour         | 4 5 |  5.2
Dodging        | 1 |  1.6
Stealth        | |  0.3

Action                   |  1- 3 |  4- 6 || total
-------------------------+-------+-------++-------
Melee: Flail             |    28 |   114 ||   142
       Headbutt          |     4 |    24 ||    28
  Use: Potion            |     1 |       ||     1
       Scroll            |       |     8 ||     8
Armor: Scale mail        |    15 |    64 ||    79
Dodge: Dodged            |    11 |    32 ||    43
Block: Kite shield       |    19 |    61 ||    80
